 Dungeon Crawl Stone Soup version 0.26-a0-491-g70697cc071 (webtiles) character file.

Game seed: 5435992515030800575

331 BeastOfSaturn the Slasher (level 6, 0/47 HPs)
             Began as a Demonspawn Warper on Aug 5, 2020.
             Succumbed to an adder's poison
             ... on level 3 of the Dungeon.
             The game lasted 00:05:03 (2307 turns).

BeastOfSaturn the Slasher (Demonspawn Warper)       Turns: 2307, Time: 00:05:04

Health: 0/47       AC:  4    Str: 13    XL:     6   Next: 26%
Magic:  9/9        EV: 12    Int: 15    God:
Gold:   176        SH:  0    Dex: 12    Spells: 9/9 levels left

rFire    . . .     SeeInvis .   a - +1 falchion
rCold    . . .     Faith    .   (no shield)
rNeg     . . .     Spirit   .   b - +1 leather armour
rPois    .         Reflect  .   (no helmet)
rElec    .         Harm     .   (no cloak)
rCorr    .                      (no gloves)
MR       .....                  (no boots)
Stlth    +.........             (no amulet)
HPRegen  0.15/turn              (no ring)
MPRegen  0.11/turn              (no ring)

@: lethally poisoned (0 -> -6)
A: talons 1, powered by death 1
a: no special abilities


You were on level 3 of the Dungeon.
You visited 1 branch of the dungeon, and saw 3 of its levels.

You collected 176 gold pieces.

Inventory:

Hand Weapons
 a - a +1 falchion (weapon)
Missiles
 c - 4 boomerangs
 e - 5 boomerangs of dispersal (quivered)
Armour
 b - a +1 leather armour (worn)
Scrolls
 d - 2 scrolls of blinking
 f - a scroll of random uselessness {unknown}
 g - a scroll of identify {unknown}
 h - a scroll of fear {unknown}


   Skills:
 * Level 3.5 Fighting
 * Level 4.9 Long Blades
 - Level 0.8 Throwing
 - Level 0.8 Armour
 * Level 2.8 Dodging
 - Level 2.0 Spellcasting
   Level 2.6 Translocations


You had 9 spell levels left.
You didn't know any spells.
Your spell library contained the following spells:

 Spells                   Type           Power        Failure   Level
 Blink                    Tloc           N/A          14%         2
 Gell's Gravitas          Tloc           #.........   28%         3
 Lesser Beckoning         Tloc           #.........   28%         3
 Teleport Other           Tloc           #.......     28%         3
 Passage of Golubria      Tloc           N/A          67%         4


Dungeon Overview and Level Annotations

Branches:
Dungeon (3/15)

Altars:
Gozag
Kikubaaqudgha
Wu Jian


Innate Abilities, Weirdness & Mutations

You have sharp toenails.
You regenerate a little health from kills.


Message History

The adder bites you but does no damage. The adder bites you.
* * * LOW HITPOINT WARNING * * *
You are lethally poisoned!
The adder poisons you!
You miss the adder.
The adder is heavily wounded.
* * * LOW HITPOINT WARNING * * *
You feel sick. The adder closely misses you.
You closely miss the adder.
The adder is heavily wounded.
* * * LOW HITPOINT WARNING * * *
You feel sick. The adder bites you.
* * * LOW HITPOINT WARNING * * *
The adder barely misses you.
You miss the adder.
The adder is heavily wounded.
The adder misses you.
You hit the adder. Your kick misses the adder.
The adder is severely wounded.
You die...

#.<....#
#.#.##.#
#.#.##.#
#.#.##)#
..#.##.#
###.##[#
#.##.#
#.##)#
#.##@#
#S# #o#
#.# ..'
..# ####


You could see an adder and an orc.

Vanquished Creatures
  Sigmund (D:2)
  2 orc priests (D:3)
  An orc wizard (D:3)
  Robin (D:2)
  An adder (D:2)
  3 worms (D:2)
  2 dart slugs
  A leopard gecko (D:2)
  An orc (D:3)
  A ball python (D:1)
  A giant cockroach (D:1)
  12 goblins
  7 hobgoblins
  3 kobolds
  2 quokkas (D:2)
  6 bats
  A frilled lizard (D:2)
  3 rats (D:1)
49 creatures vanquished.

Notes
Turn   | Place    | Note
-------+----------+-------------------------------------------
     0 | D:1      | BeastOfSaturn the Demonspawn Warper began the quest for the
                  | Orb.
     0 | D:1      | Reached XP level 1. HP: 16/16 MP: 3/3
   210 | D:1      | Reached skill level 2 in Long Blades
   430 | D:1      | Gained mutation: You have sharp toenails. [demonic
                  | ancestry]
   430 | D:1      | Reached XP level 2. HP: 18/22 MP: 5/5
   790 | D:2      | Noticed Robin
   813 | D:2      | Gained mutation: You regenerate a little health from kills.
                  | [demonic ancestry]
   813 | D:2      | Reached XP level 3. HP: 15/28 MP: 6/6
   829 | D:2      | Killed Robin
  1076 | D:2      | Reached skill level 3 in Long Blades
  1417 | D:2      | Found an ancient bone altar of Kikubaaqudgha.
  1422 | D:2      | Found an opulent altar of Gozag.
  1422 | D:2      | Found an ornate altar of the Wu Jian Council.
  1439 | D:2      | Reached XP level 4. HP: 34/34 MP: 7/7
  1881 | D:2      | Noticed Sigmund
  1923 | D:2      | Killed Sigmund
  1923 | D:2      | Reached skill level 4 in Long Blades
  1923 | D:2      | Reached XP level 5. HP: 30/41 MP: 8/8
  2215 | D:3      | Reached XP level 6. HP: 20/47 MP: 9/9
  2305 | D:3      | HP: 1/47 [adder (2)]
  2307 | D:3      | Succumbed to an adder's poison

Illustrated notes

Levels and vault maps discovered:
D:1:      dpeg_arrival_chambers_temple_mockup, layout_basic
D:2:      wad_pebble_path, layout_loops_corners,
          gammafunk_temple_overflow_forgotten, grunt_ministairs_1, uniq_sigmund,
          uniq_robin
D:3:      minmay_diamond_boxcup, layout_basic,
          grunt_temple_overflow_lords_of_destruction

Skill      XL: |  1  2  3  4 |
---------------+-------------+-----
Long Blades    | 2 3 4 |  4.9
Dodging        | 2 |  2.8
Fighting       | 3 |  3.5
Throwing       | |  0.8
Armour         | |  0.8
Spellcasting   | |  2.0
Translocations | |  2.6

Action                   |  1- 3 |  4- 6 || total
-------------------------+-------+-------++-------
Melee: Falchion          |   102 |    82 ||   184
       Kick              |    26 |    21 ||    47
  Use: Scroll            |     4 |       ||     4
       Potion            |       |     6 ||     6
 Stab: Sleeping          |       |     6 ||     6
Armor: Leather armour    |    25 |    16 ||    41
Dodge: Dodged            |    85 |    48 ||   133
       Rpst.: Falchion   |    29 |    10 ||    39

Table legend: (Time is in decaauts)
 A = Elapsed time spent in this place.
 B = Non-inter-level travel time spent in this place.
 C = Inter-level travel time spent in this place.
 D = Time resting spent in this place.
 E = Time spent auto-exploring this place.
 F = Levels seen in this place.
 G = Mean time per level.
                   A        B        C        D        E       F      G
               +--------+--------+--------+--------+--------+-----+--------+
         Total |   2331 |   2294 |     37 |     41 |   1860 |   3 |  777.0 |
       Dungeon |   2331 |   2294 |     37 |     41 |   1860 |   3 |  777.0 |
               +--------+--------+--------+--------+--------+-----+--------+

Top non-repeatable levels by time:
     D:2: 1418 daAuts
     D:1: 787 daAuts
     D:3: 125 daAuts
